 Dungeon Crawl Stone Soup version 0.31-a0-604-g8e0283293c (webtiles) character file.

Game seed: 16182176226980503863

165022 NigelTetley the Fencer (level 16, -16/145 HPs)
             Began as a Demigod Gladiator on Aug 21, 2023.
             Demolished by a +4 bardiche of flaming (38 damage)
             ... on level 2 of the Elven Halls.
             The game lasted 00:49:46 (31624 turns).

NigelTetley the Fencer (Demigod Gladiator)         Turns: 31624, Time: 00:49:47

Health: -16/145    AC: 16    Str: 15    XL:     16   Next: 72%
Magic:  19/19      EV: 32    Int: 10    God:
Gold:   722        SH:  0    Dex: 40    Spells: 15/15 levels left

rFire   . . .        o - +3 great sword (elec)
rCold   . . .        (shield currently unavailable)
rNeg    . . .        t - +3 troll leather armour
rPois   +            c - +2 helmet
rElec   .            W - +0 cloak of the Butcher {Drain Dex+5}
rCorr   .            v - +0 pair of gloves
SInv    .            f - +2 pair of boots
Will    ++...        j - amulet of the acrobat
Stlth   +++++        D - +4 ring of slaying
HPRegen 1.24/turn    A - ring "Sevoggoha" {rPois Will+}
MPRegen 0.16/turn

%: acrobat
@: no status effects
A: high MP 1, forlorn, divine attributes
a: no special abilities


You were on level 2 of the Elven Halls.
You visited 4 branches of the dungeon, and saw 24 of its levels.
You also visited: Gauntlet.

You collected 2592 gold pieces.
You spent 1870 gold pieces at shops.

Inventory:

Hand Weapons
 o - a +3 great sword of electrocution (weapon)
 r - a +3 triple sword of draining
Missiles
 a - 3 silver javelins
 d - a throwing net (quivered)
 e - 6 javelins
Armour
 c - a +2 helmet (worn)
 f - a +2 pair of boots (worn)
 t - a +3 troll leather armour (worn)
 v - a +0 pair of gloves (worn)
 W - the +0 cloak of the Butcher (worn) {Drain Dex+5}
   (You found it in a Gauntlet)

   Dex+5:     It affects your dexterity (+5).
   Drain:     It drains your maximum health when unequipped.
Jewellery
 b - a ring of resist corrosion
 j - an amulet of the acrobat (around neck)
 u - an amulet of regeneration
 z - an amulet of reflection
 A - the ring "Sevoggoha" (right hand) {rPois Will+}
   (You found it on level 4 of the Lair of Beasts)

   [ring of willpower]

   rPois:     It protects you from poison Will+: It increases your willpower.
 B - a ring of fire
 D - a +4 ring of slaying (left hand)
 U - an amulet of guardian spirit
 Y - a ring of positive energy
Wands
 n - a wand of mindburst (6)
 F - a wand of digging (10)
 H - a wand of flame (23)
 M - a wand of roots (19)
 T - a wand of light (10)
 V - a wand of polymorph (2)
Scrolls
 g - 3 scrolls of fear
 k - 3 scrolls of silence
 l - 4 scrolls of amnesia
 m - 6 scrolls of poison
 s - a scroll of revelation
 x - 4 scrolls of fog
 I - 3 scrolls of blinking
 O - 5 scrolls of immolation
 X - 2 scrolls of teleportation
 Z - a scroll of enchant armour
Potions
 h - 2 potions of heal wounds
 i - a potion of cancellation
 p - 4 potions of resistance
 q - 2 potions of attraction
 w - 4 potions of berserk rage
 y - a potion of enlightenment
 C - a potion of magic
 G - 6 potions of curing
 K - a potion of ambrosia
 L - a potion of mutation
 N - a potion of invisibility
 R - 2 potions of haste
 S - a potion of might
Miscellaneous
 P - a tin of tremorstones (2/2)


   Skills:
 + Level 13.9 Fighting
 * Level 20.2 Long Blades
 - Level 1.7 Throwing
 + Level 7.0 Armour
 + Level 14.0 Dodging
 - Level 6.4 Stealth


You had 15 spell levels left.
You didn't know any spells.
Your spell library contained the following spells:

 Spells                   Type           Power      Damage    Failure   Level
 Freeze                   Ice            0%         1d3       41%         1
 Magic Dart               Conj           0%         1d3       41%         1
 Sandblast                Erth           0%         2d4       41%         1
 Shock                    Conj/Air       0%         1d3       41%         1
 Call Imp                 Summ           0%         N/A       56%         2
 Ensorcelled Hibernation  Hex/Ice        0%         N/A       56%         2
 Passwall                 Tmut/Erth      0%         N/A       56%         2
 Frozen Ramparts          Ice            0%         1d1       80%         3
 Hailstorm                Conj/Ice       0%         3d3       80%         3
 Ignite Poison            Fire/Tmut/Pois 0%         N/A       80%         3
 Inner Flame              Hex/Fire       0%         N/A       80%         3
 Mephitic Cloud           Conj/Pois/Air  0%         N/A       80%         3
 Portal Projectile        Hex/Tloc       0%         N/A       80%         3
 Stone Arrow              Conj/Erth      0%         3d7       80%         3
 Swiftness                Air            0%         N/A       80%         3
 Tukima's Dance           Hex            0%         N/A       80%         3
 Flame Wave               Conj/Fire      0%         2d4       99%         4
 Iskenderun's Mystic Bla  Conj/Tloc      0%         2d3       99%         4
 Passage of Golubria      Tloc           0%         N/A       99%         4
 Sticky Flame             Conj/Fire      0%         2d3       99%         4
 Summon Ice Beast         Ice/Summ       0%         N/A       99%         4
 Silence                  Hex/Air        0%         N/A       100%        5
 Simulacrum               Ice/Necr       0%         N/A       100%        6
 Ignition                 Fire           0%         3d3       100%        8
 Lehudib's Crystal Spear  Conj/Erth      0%         10d2      100%        8


Dungeon Overview and Level Annotations

Branches:
Dungeon (15/15)            Temple (0/1) D:4            Lair (5/5) D:8
  Swamp (0/4) Lair:3       Spider (0/4) Lair:2        Slime (0/5) Lair:4
    Orc (2/2) D:9             Elf (2/3) Orc:2        Vaults (0/5) D:13
 Depths (0/4) D:15        Gauntlet (visited)

Shops:
D:10 *   D:12 ?   D:15 :(:   Orc:1 *   Orc:2 =((!(*?[   Elf:1 **   Elf:2 [:=:

Annotations:
D:3 exclusion: downstairs
Lair:2 exclusion: downstairs
Elf:2 6 transporters


Innate Abilities, Weirdness & Mutations

You have an increased reservoir of magic. (+10% MP)
You shall have no god before yourself.
Your divine heritage dramatically boosts your attributes as you level up.


Message History

The deep elf pyromancer is severely wounded.
The +0 mace of holy wrath completely misses you.
You barely miss the deep elf pyromancer.
The deep elf pyromancer is severely wounded.
The +0 mace of holy wrath completely misses you.
The deep elf pyromancer misses you.
The +4 bardiche of flaming barely misses you.
The +0 mace of holy wrath hits you but does no damage.
You slash the deep elf pyromancer!
You kill the deep elf pyromancer!
The fire elemental disappears in a puff of smoke!
The +4 heavy war axe completely misses you.
The +0 mace of holy wrath barely misses you.
The +4 bardiche of flaming hits you from afar!
The +4 bardiche of flaming burns you.
You closely miss the +4 heavy war axe. The +4 heavy war axe hits you!
The +0 mace of holy wrath hits you!
You slice the +4 heavy war axe!!
The +4 heavy war axe falls from the air.
The +4 bardiche of flaming completely misses you.
The +0 mace of holy wrath hits you!
You open the +0 mace of holy wrath like a pillowcase!!!
The +0 mace of holy wrath falls from the air.
The +4 bardiche of flaming misses you.
The +4 bardiche of flaming completely misses you.
You see here a +0 mace of holy wrath.
You hit the +4 bardiche of flaming but do no damage.
The +4 bardiche of flaming hits you!! The +4 bardiche of flaming burns you!
You are too injured to fight recklessly!
You are too injured to fight recklessly!
You slice the +4 bardiche of flaming!!
The +4 bardiche of flaming is heavily damaged.
The +4 bardiche of flaming hits you!!
* * * LOW HITPOINT WARNING * * *
The +4 bardiche of flaming burns you.
* * * LOW HITPOINT WARNING * * *
You miss the +4 bardiche of flaming.
The +4 bardiche of flaming is heavily damaged.
The +4 bardiche of flaming hits you!!!
You die...

.#
.....................#
.#
......................#
.#
.........#...........##
.#
........###.........##
.#
........###.........#
.#
.........#...........
.#
......................
.# .........).........
.# ........))@.......
## ..##......(....##. #
.# ###.......### ##
##.....## .# #.......
.# ........^. ##
............ #
............. #


You could see a +4 bardiche of flaming.

Vanquished Creatures
  Rupert (D:13)
  A deep elf blademaster (Elf:2)
  A thorn hunter (D:14)
  An ironbound preserver (D:13)
  2 orc warlords
  The ghost of Dutrue the Cleaver, a journeyman MiBe of Trog (Lair:4)
  A deep elf annihilator (Elf:1)
  A minotaur (Gauntlet)
  2 deep elf death magi (Elf:1)
  3 ettins
  An entropy weaver (D:13)
  Erolcha (D:9)
  A fire dragon (Lair:5)
  3 centaur warriors
  2 catoblepae (Lair:4)
  18 hydras
  Fannar (Orc:1)
  2 ogre magi (D:15)
  14 two-headed ogres
  24 dancing weapons
  8 boulder beetles
  An orc high priest (Orc:2)
  A death yak (Lair:4)
  Sonja (Lair:3)
  12 deep elf knights
  A skyshark (Lair:5)
  2 deep trolls (D:15)
  An obsidian statue (Gauntlet)
  3 wizards
  6 deep elf archers
  24 deep elf pyromancers
  3 lindwurms
  27 deep elf zephyrmancers
  17 ugly things
  Pikel (D:9)
  9 orc knights
  4 cyclopes
  4 manticores
  4 orc sorcerers
  Maurice (D:9)
  3 elephants (Lair:3)
  Jeremiah (D:9)
  7 black mambas
  2 molten gargoyles (Lair:5)
  A gargoyle (D:12)
  A kobold demonologist (D:11)
  A minotaur zombie (Gauntlet)
  Psyche (D:9)
  12 cane toads
  12 komodo dragons
  7 rime drakes
  A tengu conjurer (D:15)
  5 yaktaurs (D:15)
  A queen bee (Lair:4)
  4 polar bears
  3 trolls
  3 hornets
  11 meliai (Lair:4)
  A tyrant leech (Lair:3)
  A tarantella (Lair:1)
  25 blink frogs
  6 saltlings (Orc:2)
  6 dream sheep (Lair:5)
  12 slime creatures
  4 jumping spiders
  A shadow (D:12)
  5 flying skulls (Gauntlet)
  Eustachio (D:6)
  A vampire (D:13)
  2 wraiths
  8 water elementals
  53 yaks
  11 wyverns
  A fire elemental (Elf:2)
  6 basilisks
  3 steam dragons
  2 redbacks
  3 vampire mosquitoes (D:12)
  Menkaure (D:6)
  4 swamp worms (Lair:3)
  2 acid dragons
  3 wargs
  3 hell hounds (Lair:5)
  18 water moccasins
  26 orc warriors
  An ice beast (D:6)
  2 sky beasts
  4 black bears
  29 wolves
  8 ogres
  7 centaurs
  2 lemures (D:9)
  A phantom (D:5)
  9 bullfrogs
  4 kobold brigands
  Blork the orc (D:6)
  7 wights (D:9)
  31 killer bees
  2 electric eels
  2 howler monkeys (D:8)
  7 lava snakes
  4 hounds
  2 gnoll boudas
  4 jellies
  18 orc priests
  Crazy Yiuf (D:7)
  2 iguanas
  16 orc wizards
  7 hell rats (Lair:1)
  Robin (D:2)
  13 gnolls
  10 adders
  A shadow imp (D:7)
  A white imp (Gauntlet)
  An ufetubus (D:5)
  5 dart slugs
  81 orcs
  4 ball pythons
  5 endoplasms
  3 giant cockroaches
  11 hobgoblins
  4 jackals (D:3)
  21 kobolds
  4 quokkas
  5 bats
  2 frilled lizards
  16 goblins
  9 rats
864 creatures vanquished.

Vanquished Creatures (collateral kills)
  A hydra (Lair:4)
1 creature vanquished.

Vanquished Creatures (others)
  A deep elf knight (Elf:1)
  A water elemental (Elf:1)
2 creatures vanquished.

Grand Total: 867 creatures vanquished

Notes
Turn   | Place    | Note
-------+----------+-------------------------------------------
     0 | D:1      | NigelTetley the Demigod Gladiator began the quest for the
                  | Orb.
     0 | D:1      | Reached XP level 1. HP: 17/17 MP: 3/3
    37 | D:1      | Reached skill level 3 in Long Blades
   171 | D:1      | Reached XP level 2. HP: 21/24 MP: 4/4
   900 | D:2      | Reached XP level 3. HP: 29/29 MP: 5/5
   941 | D:2      | Reached skill level 4 in Long Blades
  1285 | D:2      | Noticed Robin
  1326 | D:2      | Killed Robin
  1805 | D:3      | Reached XP level 4. HP: 28/36 MP: 6/6
  1955 | D:3      | Reached skill level 5 in Long Blades
  2213 | D:3      | Reached XP level 5. HP: 26/41 MP: 7/7
  2638 | D:4      | Noticed an ogre
  2779 | D:4      | Found a staircase to the Ecumenical Temple.
  2843 | D:4      | Identified a scroll of acquirement
  2845 | D:4      | Acquired a +3 great sword of electrocution
  2890 | D:4      | Noticed an ogre
  2895 | D:4      | Killed an ogre
  2896 | D:4      | Reached skill level 6 in Long Blades
  3084 | D:4      | Reached XP level 6. HP: 48/48 MP: 8/8
  3399 | D:5      | Entered Level 5 of the Dungeon
  3419 | D:5      | Reached skill level 7 in Long Blades
  3469 | D:5      | Reached XP level 7. HP: 22/53 MP: 9/9
  4141 | D:5      | Reached skill level 1 in Armour
  4210 | D:5      | Reached skill level 8 in Long Blades
  4356 | D:6      | Noticed Eustachio
  4477 | D:6      | Killed Eustachio
  4565 | D:6      | Reached XP level 8. HP: 56/62 MP: 10/10
  4851 | D:7      | Reached skill level 9 in Long Blades
  5431 | D:6      | Noticed Menkaure
  5436 | D:6      | Killed Menkaure
  5726 | D:6      | Reached XP level 9. HP: 28/72 MP: 11/11
  5916 | D:6      | Reached skill level 5 in Dodging
  6253 | D:6      | Noticed Blork the orc
  6257 | D:6      | Killed Blork the orc
  6477 | D:7      | Reached skill level 10 in Long Blades
  6528 | D:7      | Found a runed translucent door.
  6529 | D:7      | Noticed Crazy Yiuf
  6694 | D:7      | Killed Crazy Yiuf
  6912 | D:8      | Reached skill level 5 in Fighting
  6961 | D:8      | Found a staircase to the Lair.
  7162 | D:8      | Paralysed by a hornet for 2 turns
  7744 | D:9      | Noticed Psyche
  7939 | D:9      | Killed Psyche
  7940 | D:9      | Reached skill level 11 in Long Blades
  8013 | D:9      | Noticed a two-headed ogre
  8017 | D:9      | Noticed Maurice
  8019 | D:9      | Killed a two-headed ogre
  8020 | D:9      | Reached XP level 10. HP: 65/83 MP: 13/13
  8046 | D:9      | Killed Maurice
  8279 | D:9      | Noticed Jeremiah
  8778 | D:9      | Killed Jeremiah
  8963 | D:9      | Found a staircase to the Orcish Mines.
  9053 | D:9      | Noticed Erolcha
  9071 | D:9      | Killed Erolcha
  9072 | D:9      | Reached skill level 12 in Long Blades
  9839 | D:9      | Noticed Pikel
  9878 | D:9      | Killed Pikel
  9968 | D:10     | Entered Level 10 of the Dungeon
 10093 | D:10     | Reached XP level 11. HP: 51/92 MP: 14/14
 10890 | D:10     | Reached skill level 13 in Long Blades
 10970 | D:10     | Found Coaryer's General Store.
 10979 | D:10     | Bought a wand of digging (6) for 277 gold pieces
 11120 | Orc:1    | Entered Level 1 of the Orcish Mines
 11157 | Orc:1    | Noticed Fannar
 11366 | Orc:1    | Killed Fannar
 11653 | Orc:1    | Found Rvenoreh's Retail Resort.
 11658 | Orc:1    | Bought a scroll of revelation for 105 gold pieces
 11658 | Orc:1    | Bought a wand of roots (7) for 235 gold pieces
 11658 | Orc:1    | Bought a potion of resistance for 140 gold pieces
 11675 | Orc:1    | Noticed an orc knight
 12009 | D:11     | Noticed a boulder beetle
 12023 | D:11     | Killed a boulder beetle
 12279 | D:11     | Noticed a two-headed ogre
 12286 | D:11     | Killed a two-headed ogre
 12821 | Lair:1   | Entered Level 1 of the Lair of Beasts
 12883 | Lair:1   | Found a runed translucent door.
 13263 | Lair:1   | Reached skill level 1 in Stealth
 13300 | Lair:1   | Found a runed translucent gate.
 13301 | Lair:1   | Noticed a boulder beetle
 13302 | Lair:1   | Found a runed translucent gate.
 13302 | Lair:1   | Found a runed translucent gate.
 13302 | Lair:1   | Found a runed translucent gate.
 13302 | Lair:1   | Found a runed translucent gate.
 13302 | Lair:1   | Noticed a boulder beetle
 13303 | Lair:1   | Found a runed translucent gate.
 13303 | Lair:1   | Noticed a lindwurm
 13303 | Lair:1   | Noticed a lindwurm
 13303 | Lair:1   | Noticed a boulder beetle
 13460 | Lair:2   | Noticed a seven-headed hydra
 13474 | Lair:2   | Killed a one-headed hydra
 13626 | Lair:2   | Noticed a boulder beetle
 13654 | Lair:2   | Reached skill level 14 in Long Blades
 13661 | Lair:2   | Killed a boulder beetle
 14308 | Lair:2   | Reached XP level 12. HP: 94/103 MP: 15/15
 14580 | Lair:2   | Found a hole to the Spider Nest.
 15172 | Lair:3   | Noticed an eight-headed hydra
 15185 | Lair:3   | Killed a two-headed hydra
 15370 | Lair:3   | Noticed a seven-headed hydra
 16001 | Orc:1    | Noticed an orc warlord
 16069 | Orc:1    | Killed an orc warlord
 16321 | Orc:2    | Entered Level 2 of the Orcish Mines
 16321 | Orc:2    | Found Moutosal's General Store.
 16575 | Orc:2    | Found Adusy's Weapon Boutique.
 16602 | Orc:2    | Found a staircase to the Elven Halls.
 16608 | Orc:2    | Bought a +0 triple sword for 120 gold pieces
 16740 | Orc:2    | Found Qozudics's Magic Scroll Shop.
 16757 | Orc:2    | Found Bulaoth's Antique Armour Shop.
 16765 | Orc:2    | Bought a brightly glowing ring mail for 261 gold pieces
 16765 | Orc:2    | Identified the +3 ring mail of Modesty {rN+ Will++ Str-3}
                  | (You bought it in a shop on level 2 of the Orcish Mines)
 16849 | Orc:2    | Reached skill level 15 in Long Blades
 16853 | Orc:2    | Found Ziquac's Distillery.
 16890 | Orc:2    | Bought a potion of magic for 88 gold pieces
 16890 | Orc:2    | Bought a potion of resistance for 110 gold pieces
 16890 | Orc:2    | Bought a potion of might for 44 gold pieces
 16903 | Orc:2    | Noticed an ettin
 16939 | Orc:2    | Killed an ettin
 16940 | Orc:2    | Reached skill level 5 in Stealth
 17288 | Orc:2    | Reached skill level 10 in Dodging
 17419 | Orc:2    | Reached XP level 13. HP: 113/113 MP: 16/16
 17419 | Orc:2    | Found Ogeifur's Weapon Shoppe.
 17421 | Orc:2    | Found Fereh's Jewellery Shoppe.
 17447 | Orc:2    | Found Jaufaeke's Weapon Shoppe.
 17447 | Orc:2    | Noticed an orc warlord
 17524 | Orc:1    | HP: 3/113 [ettin/+0 dire flail (34)]
 17690 | Orc:2    | Killed an orc warlord
 17691 | Orc:2    | Reached skill level 10 in Fighting
 19183 | D:12     | Found Zistok's Magic Scroll Emporium.
 19200 | D:12     | Bought a scroll of brand weapon for 95 gold pieces
 19200 | D:12     | Bought a scroll of identify for 20 gold pieces
 19200 | D:12     | Bought a scroll of identify for 20 gold pieces
 19830 | D:13     | Noticed Rupert
 19854 | D:13     | Reached skill level 16 in Long Blades
 19946 | D:13     | Killed Rupert
 20110 | D:13     | Noticed an ironbound preserver
 20185 | D:13     | Found a gate to the Vaults.
 20226 | D:13     | Killed an ironbound preserver
 21150 | Lair:3   | Reached XP level 14. HP: 48/122 MP: 17/17
 21242 | Lair:3   | Noticed Sonja
 21249 | Lair:3   | Killed Sonja
 21657 | Lair:3   | Found a staircase to the Swamp.
 21737 | Lair:4   | Identified the +0 dagger "Miwa" {speed, MP+9 Dex+3}
 21862 | Lair:4   | Found a runed translucent door.
 21862 | Lair:4   | Noticed Dutrue's ghost (journeyman MiBe)
 22108 | Lair:4   | Reached skill level 5 in Armour
 22116 | Lair:4   | Reached skill level 17 in Long Blades
 22300 | Lair:4   | Found a staircase to the Slime Pits.
 23388 | Lair:4   | Killed Dutrue's ghost
 23397 | Lair:4   | Identified the ring "Sevoggoha" {rPois Will+}
 23666 | Lair:5   | Entered Level 5 of the Lair of Beasts
 23731 | Lair:5   | Found a gate leading to a gauntlet.
 23743 | Gauntlet | Entered a Gauntlet
 23743 | Gauntlet | Found a transporter.
 23743 | Gauntlet | Found a transporter.
 23743 | Gauntlet | Found a transporter.
 23747 | Gauntlet | Found a transporter.
 23747 | Gauntlet | Found a transporter.
 23747 | Gauntlet | Found a transporter.
 23761 | Gauntlet | Found a transporter.
 23761 | Gauntlet | Found a transporter.
 23777 | Gauntlet | Found a transporter.
 23778 | Gauntlet | Found a transporter.
 23795 | Gauntlet | Found a transporter.
 23799 | Gauntlet | Found a transporter.
 23970 | Gauntlet | Identified the +0 cloak of the Butcher {Drain Dex+5}
 24028 | Gauntlet | Identified the ring "Peodd" {*Corrode MP+9 Str+3 Int+4}
 24351 | D:12     | Bought a scroll of teleportation for 30 gold pieces
 24837 | Lair:5   | Reached XP level 15. HP: 115/132 MP: 18/18
 25199 | Lair:5   | Reached skill level 18 in Long Blades
 25378 | Lair:5   | Found a large runed translucent door.
 25380 | Lair:5   | Found a large runed translucent door.
 27078 | D:14     | Noticed a thorn hunter
 27539 | D:14     | Found the +1 robe of Vines {NoPotionHeal Regen++++}
 27559 | D:14     | Killed a thorn hunter
 27841 | D:15     | Entered Level 15 of the Dungeon
 27841 | D:15     | Found Nan Nofaej's Weapon Shoppe.
 28224 | D:15     | Found Ifub's Book Emporium.
 28463 | D:15     | Found Apohabeh's Book Boutique.
 28556 | D:15     | Reached skill level 19 in Long Blades
 28618 | D:15     | Found a staircase to the Depths.
 28916 | Elf:1    | Entered Level 1 of the Elven Halls
 29138 | Elf:1    | Found Egifin's Overcharged Wands.
 29206 | Elf:1    | Reached XP level 16. HP: 115/143 MP: 19/19
 29476 | Elf:1    | Found Jiagiun's Assorted Antiques.
 29511 | Elf:1    | Bought a scroll of teleportation for 63 gold pieces
 29511 | Elf:1    | Bought a scroll of brand weapon for 199 gold pieces
 29511 | Elf:1    | Bought 3 scrolls labelled HUWNOU MEUG for 63 gold pieces
 29548 | Elf:1    | Got the Guidebook on Power
 29948 | Elf:2    | Found a transporter.
 30126 | Elf:2    | Found a transporter.
 30128 | Elf:2    | Found a transporter.
 30133 | Elf:2    | Found a transporter.
 30134 | Elf:2    | Identified the +0 robe of Wiog {Str+6}
 30376 | Elf:2    | Found a transporter.
 30377 | Elf:2    | Found a transporter.
 30379 | Elf:2    | Found Puinokk's Book Emporium.
 30380 | Elf:2    | Found Lebe Leg's Jewellery Boutique.
 30381 | Elf:2    | Found Codinopt's Book Emporium.
 30413 | Elf:2    | Found Ithreuf's Antique Armour Boutique.
 30722 | Elf:2    | Found a runed translucent gate.
 30722 | Elf:2    | Found a runed translucent gate.
 30722 | Elf:2    | Found a runed translucent gate.
 31172 | Elf:2    | Noticed a deep elf blademaster
 31191 | Elf:2    | Killed a deep elf blademaster
 31192 | Elf:2    | Reached skill level 20 in Long Blades
 31624 | Elf:2    | Demolished by a +4 bardiche of flaming

Illustrated notes

Levels and vault maps discovered:
D:1:      tarquinn_simple_flora_water_e, layout_basic
D:2:      layout_basic, shapermc_ecumenical_altar_notcrosses,
          kennysheep_generic_room_8, uniq_robin
D:3:      layout_loops_ring, lemuel_round_altar, hangedman_decor_growths
D:4:      layout_loops_ring, kennysheep_mini_moat, zin_scriptorium,
          minmay_temple_entry_trees
D:5:      layout_loops_cross
D:6:      cheibrodos_steamvent, layout_basic, uniq_blork_the_orc, uniq_menkaure,
          uniq_eustachio
D:7:      layout_cave_pools, nicolae_elyvilon_temple_path,
          mainiacjoe_overflow_small_starburst,
          mainiacjoe_overflow_catwalk_spiral, minmay_misc_feat_tower,
          nicolae_the_louvre, uniq_crazy_yiuf_cottage
D:8:      layout_loops_cross, dpeg_oklobed_lair
D:9:      minmay_goldmine, layout_long_grid, david_orc_1_choice, uniq_maurice,
          uniq_erolcha, uniq_jeremiah, uniq_psyche, uniq_pikel
D:10:     layout_basic, serial_shops, nicolae_lakefront_shop
D:11:     layout_cave_pods, nicolae_kite_square_tiling_tiny, corner_web_ring
D:12:     layout_roguey [special_room_orc], serial_shops, shop
D:13:     layout_roguey, hellmonk_vaults_order_and_chaos, uniq_rupert
D:14:     layout_basic, hangedman_abyss_or_decor_clamps,
          hellmonk_guarded_unrand_vines
D:15:     hangedman_depths_entry_civil_slaughter, layout_long_grid,
          serial_shops, shop_statue, shop, shop, bh_walls_and_bars,
          okawaru_trees_1
Lair:1:   gammafunk_indiana_jones, layout_cave_pods, gammafunk_ghost_hydra_chop,
          wad_woods_06
Lair:2:   layout_regular_city, spider_nest_entry_a, serial_bayou_shore_a
Lair:3:   layout_gridlike, palyth_hydra_swamp_entry, grunt_megastairs_2,
          lemuel_fruit_tree, uniq_sonja
Lair:4:   regret_index_combs_of_tragedy, layout_regular_city,
          minmay_slime_entry_pillars, gammafunk_ghost_grave, grunt_megastairs_5
Lair:5:   cheibrodos_lair_end_hotspot, layout_gridlike, gauntlet_entry_generic
Orc:1:    layout_caves, nicolae_alphabet_shops, nicolae_orc_sculptors_studio,
          minmay_orc_barracks, uniq_fannar
Orc:2:    hellmonk_orc_salted, layout_caves, basic_altar, serial_shops,
          nicolae_shop_hallway_stairs, nicolae_shop_crystal, shop, shop
Elf:1:    eino_elf_arrival_sip, layout_loops_cross, serial_shops,
          nicolae_shop_competitors_out_of_business, minmay_elf_annihilation,
          nicolae_shop_overcharged_wands
Elf:2:    elven_hall_of_blades_hangedman_original [nicolae_blade_lattice],
          layout_loops_corners, serial_shops, shop, amethyst_killhole,
          serial_nicolae_subway, nicolae_sub_station_crystal,
          nicolae_sub_station_stone, nicolae_sub_station_metal,
          minmay_shop_grove

Skill      XL: |  1  2  3  4  5  6  7  8  9 10 11 12 13 14 15 16 |
---------------+-------------------------------------------------+-----
Long Blades    | 3 4 5 6 7 8 9 11 12 14 15 16 17 19 20 | 20.2
Fighting       | 2 4 5 7 8 9 10 11 13 | 13.9
Armour         | 2 4 6 7 |  7.0
Dodging        | 3 4 6 7 9 10 11 12 13 14 | 14.0
Stealth        | 2 5 6 |  6.4
Throwing       | |  1.7

Action                     |  1- 3 |  4- 6 |  7- 9 | 10-12 | 13-15 | 16-18 || total
---------------------------+-------+-------+-------+-------+-------+-------++-------
  Melee: Long sword        |   154 |   153 |    29 |   706 |    13 |       ||  1055
         Punch             |       |     1 |       |    13 |     2 |       ||    16
         Great sword       |       |       |   163 |    29 |  1045 |   290 ||  1527
         Hand axe          |       |       |       |    15 |    55 |       ||    70
  Throw: Throwing net      |       |       |     4 |       |     1 |       ||     5
  Evoke: Wand              |       |       |     8 |    19 |    18 |       ||    45
         Tin of tremorston |       |       |       |       |     1 |       ||     1
    Use: Scroll            |     4 |     5 |     8 |    17 |    12 |     5 ||    51
         Potion            |       |     1 |     3 |     2 |     5 |     1 ||    12
   Stab: Sleeping          |     4 |     4 |     1 |     8 |    30 |     4 ||    51
         Distracted        |       |       |     1 |     3 |     5 |     4 ||    13
         Invisible         |       |       |       |     8 |     1 |       ||     9
         Held in net/web   |       |       |       |       |     2 |       ||     2
 Armour: Leather armour    |    49 |    64 |    57 |   105 |       |       ||   275
         Skin              |       |    24 |       |       |       |       ||    24
         Troll leather arm |       |       |       |    25 |   324 |    26 ||   375
  Dodge: Dodged            |   105 |   151 |   188 |   680 |  1608 |   254 ||  2986

Table legend: (Time is in decaauts)
 A = Elapsed time spent in this place.
 B = Non-inter-level travel time spent in this place.
 C = Inter-level travel time spent in this place.
 D = Time resting spent in this place.
 E = Time spent auto-exploring this place.
 F = Levels seen in this place.
 G = Mean time per level.
                   A        B        C        D        E       F      G
               +--------+--------+--------+--------+--------+-----+--------+
         Total |  31341 |  28601 |   2740 |   4389 |  18373 |  25 | 1253.6 |
       Dungeon |  17832 |  16116 |   1716 |   2412 |  11103 |  15 | 1188.8 |
          Lair |   7240 |   6461 |    779 |    564 |   4385 |   5 | 1448.0 |
  Orcish Mines |   3326 |   3138 |    188 |   1044 |   1267 |   2 | 1663.0 |
   Elven Halls |   2584 |   2529 |     55 |    369 |   1437 |   2 | 1292.0 |
      Gauntlet |    358 |    358 |      0 |      0 |    180 |   1 |  358.0 |
               +--------+--------+--------+--------+--------+-----+--------+

Top non-repeatable levels by time:
     D:9: 3097 daAuts
   Orc:1: 1989 daAuts
    D:14: 1852 daAuts
  Lair:2: 1763 daAuts
  Lair:4: 1559 daAuts
   Elf:2: 1524 daAuts
    D:10: 1394 daAuts
  Lair:3: 1369 daAuts
  Lair:5: 1344 daAuts
     D:6: 1338 daAuts
   Orc:2: 1337 daAuts
     D:8: 1255 daAuts
  Lair:1: 1204 daAuts
     D:7: 1164 daAuts
   Elf:1: 1059 daAuts
